 Dungeon Crawl Stone Soup version 0.31-a0-743-g45f7035092 (webtiles) character file.

Game seed: 8115016026337188085

361 cforsyth the Trooper (level 6, 0/49 HPs)
             Began as a Djinni Chaos Knight on Sept 12, 2023.
             Was a Plaything of Xom.
             Slain by a hellwing (12 damage)
             ... summoned by Xom
             ... in a sewer.
             The game lasted 00:03:29 (1977 turns).

cforsyth the Trooper (Djinni Chaos Knight)          Turns: 1977, Time: 00:03:29

Health: 0/49       AC:  5    Str: 11    XL:     6   Next: 99%
Gold:   64         EV: 11    Int: 15    God:    Xom [....*.] SH:  0 Dex: 13

rFire   + + .        e - +2 dagger (venom)
rCold   x . .        (no shield)
rNeg    . . .        b - +2 leather armour
rPois   ∞            (no helmet)
rElec   .            (no cloak)
rCorr   .            (no gloves)
SInv    .            (boots unavailable)
Will    .....        (no amulet)
Stlth   +            (no ring)
HPRegen 0.28/turn    (no ring)
MPRegen 0.00/turn

%: infuse magic (-1 HP)
@: flying
A: sickness immunity, fire resistance 2, cold vulnerability 1, float, innate
caster, HP casting, extra vitality 1
a: Renounce Religion


You were in a sewer.
You worshipped Xom.
You were a beloved toy of Xom.
You visited 1 branch of the dungeon, and saw 3 of its levels.
You also visited: Sewer.

You collected 64 gold pieces.

Inventory:

Hand Weapons
 a - a +0 falchion of chaos
 e - a +2 dagger of venom (weapon)
Missiles
 m - 2 throwing nets
Armour
 b - a +2 leather armour (worn)
Scrolls
 c - a scroll of butterflies
Potions
 f - a potion of resistance


   Skills:
 + Level 5.5 Fighting
 - Level 2.6 Long Blades
 - Level 1.0 Armour
 - Level 2.1 Dodging
 + Level 3.2 Spellcasting
 + Level 3.2 Conjurations
 + Level 3.2 Hexes
 + Level 3.2 Summonings
 + Level 3.2 Necromancy
 + Level 3.2 Translocations
 + Level 3.2 Transmutations
 + Level 3.2 Fire Magic
 + Level 3.2 Ice Magic
 + Level 3.2 Air Magic
 + Level 3.2 Earth Magic
 + Level 3.2 Poison Magic


You knew the following spells:

 Your Spells              Type           Power      Damage    Failure   Level
a - Shock                 Conj/Air       48%        1d6       7%          1
b - Momentum Strike       Conj/Tloc      24%        3d8       11%         2
Your spell library was empty.

Dungeon Overview and Level Annotations

Branches:
Dungeon (3/15)              Sewer (1/1)

Altars:
Xom


Innate Abilities, Weirdness & Mutations

You are immune to sickness and miasma.
You are immune to poison.
Your flesh is very heat resistant. (rF++)
You are vulnerable to cold. (rC-)
You float through the air rather than walking.
You learn spells naturally, not from books.
Your magical power is your life essence.
You have superior vitality. (+4 MHP)


Message History

Your Hexes skill increases to level 3!
Your Summonings skill increases to level 3!
Your Necromancy skill increases to level 3!
Your Translocations skill increases to level 3!
Your Transmutations skill increases to level 3!
Your Fire Magic skill increases to level 3!
Your Ice Magic skill increases to level 3!
Your Air Magic skill increases to level 3!
Your Earth Magic skill increases to level 3!
Your Poison Magic skill increases to level 3!
You start resting.
You are no longer robbed of momentum.
You start resting.
Your magical contamination has completely faded away.
You start resting. "Time to have some fun!"
You are now a beloved toy of Xom.
There are monsters nearby!
There are monsters nearby!
Okay, then.
Unknown command.
Found a scroll labelled NASEMM DODDU.
The shadow imp misses you. The orange demon stings you.
The orange demon barely misses you.
Okay, then.
Unknown command.
Found 17 gold pieces.
The shadow imp misses you. The orange demon stings you from afar!
Found 15 gold pieces.
The hellwing swoops through the air toward you!
The hellwing hits you.
* * * LOW HITPOINT WARNING * * *
The hellwing hits you.
* * * LOW HITPOINT WARNING * * *
The hellwing barely misses you. The hellwing hits you.
* * * LOW HITPOINT WARNING * * *
The orange demon stings you but does no damage.
Found a tower shield.
The orange demon closely misses you. The hellwing attacks as it pursues you!
The hellwing hits you!
You die... "This toy is broken."

#########
#$?#.#/?#
#$~#.#@[#
#~~4###
##.~~##
#544.~#
##...~.#
#..~#~..#
##..###~.##
#...# ...#
#.~## #~~#


You could see an orange demon (summoned), a hellwing (summoned), a chaos spawn
(summoned) and a shadow imp (summoned).

Vanquished Creatures
  Sigmund (D:2)
  A water moccasin (Sewer)
  An orc wizard (D:2)
  3 worms
  3 orcs (D:2)
  5 bats
  2 endoplasms (D:1)
  A giant cockroach (D:1)
  5 goblins
  2 hobgoblins (D:2)
  3 jackals
  3 ball pythons
  3 kobolds
  5 rats
38 creatures vanquished.

Vanquished Creatures (collateral kills)
  An orc wizard (D:2)
  A quokka (D:2)
2 creatures vanquished.

Grand Total: 40 creatures vanquished

Notes
Turn   | Place    | Note
-------+----------+-------------------------------------------
     0 | D:1      | cforsyth the Djinni Chaos Knight began the quest for the
                  | Orb.
     0 | D:1      | Reached XP level 1. HP: 20/20 MP: 0/0
   276 | D:1      | Reached XP level 2. HP: 22/25 MP: 0/0
   442 | D:1      | XOM: silly message
   496 | D:1      | Reached skill level 1 in Spellcasting
   496 | D:1      | Reached skill level 1 in Conjurations
   496 | D:1      | Reached skill level 1 in Hexes
   496 | D:1      | Reached skill level 1 in Summonings
   496 | D:1      | Reached skill level 1 in Necromancy
   496 | D:1      | Reached skill level 1 in Translocations
   496 | D:1      | Reached skill level 1 in Transmutations
   496 | D:1      | Reached skill level 1 in Fire Magic
   496 | D:1      | Reached skill level 1 in Ice Magic
   496 | D:1      | Reached skill level 1 in Air Magic
   496 | D:1      | Reached skill level 1 in Earth Magic
   496 | D:1      | Reached skill level 1 in Poison Magic
   657 | D:1      | XOM: god gift: whip {god gift}
  1096 | D:2      | Reached XP level 3. HP: 30/30 MP: 0/0
  1096 | D:2      | Learned a level 1 spell: Shock
  1113 | D:2      | XOM: noise
  1136 | D:2      | XOM: silly message
  1171 | D:2      | Reached skill level 4 in Fighting
  1171 | D:2      | Reached XP level 4. HP: 5/37 MP: 0/0
  1332 | D:2      | XOM: 3-stop teleportation journey
  1478 | D:2      | Noticed Sigmund
  1481 | D:2      | XOM: potion effect (haste)
  1495 | D:2      | XOM: cast spell 'Chain of Chaos'
  1502 | D:2      | XOM: scenery: create altars
  1506 | D:2      | Killed Sigmund
  1507 | D:2      | Reached skill level 5 in Fighting
  1507 | D:2      | Reached XP level 5. HP: 36/43 MP: 0/0
  1507 | D:2      | Learned a level 2 spell: Momentum Strike
  1507 | D:2      | Reached XP level 6. HP: 41/49 MP: 0/0
  1849 | D:3      | Found a glowing drain.
  1873 | Sewer    | Entered a sewer
  1933 | Sewer    | Noticed a water moccasin
  1942 | Sewer    | XOM: swap monsters
  1947 | Sewer    | Killed a water moccasin
  1971 | Sewer    | XOM: summons 4 hostile demons
  1972 | Sewer    | Noticed a chaos spawn
  1972 | Sewer    | Noticed a hellwing
  1972 | Sewer    | Noticed an orange demon
  1977 | Sewer    | Slain by a hellwing

Illustrated notes

Levels and vault maps discovered:
D:1:      dpeg_arrival_boxes_within_box, layout_basic,
          hangedman_decor_slide_cut, grunt_decor_clamped, chequers_arboretum,
          minmay_misc_feat_x
D:2:      layout_basic, uniq_sigmund
D:3:      layout_basic, cheibrodos_sewer_entry_sluice, gammafunk_ghost_icy,
          grunt_ministairs_13, nrook_mini_vaults
Sewer:    sewer_the_moccasin

Skill      XL: |  1  2  3  4  5  6 |
---------------+-------------------+-----
Spellcasting   | 1 2 3 |  3.2
Conjurations   | 1 2 3 |  3.2
Hexes          | 1 2 3 |  3.2
Summonings     | 1 2 3 |  3.2
Necromancy     | 1 2 3 |  3.2
Translocations | 1 2 3 |  3.2
Transmutations | 1 2 3 |  3.2
Fire Magic     | 1 2 3 |  3.2
Ice Magic      | 1 2 3 |  3.2
Air Magic      | 1 2 3 |  3.2
Earth Magic    | 1 2 3 |  3.2
Poison Magic   | 1 2 3 |  3.2
Fighting       | 4 5 |  5.5
Long Blades    | |  2.6
Armour         | |  1.0
Dodging        | |  2.1

Action                     |  1- 3 |  4- 6 || total
---------------------------+-------+-------++-------
  Melee: Falchion          |    44 |       ||    44
         Dagger            |    11 |     4 ||    15
   Cast: Shock             |    25 |    49 ||    74
         Momentum Strike   |       |     2 ||     2
    Use: Potion            |       |     5 ||     5
         Scroll            |       |     5 ||     5
 Armour: Leather armour    |    46 |    14 ||    60
  Dodge: Dodged            |    32 |    18 ||    50

Table legend: (Time is in decaauts)
 A = Elapsed time spent in this place.
 B = Non-inter-level travel time spent in this place.
 C = Inter-level travel time spent in this place.
 D = Time resting spent in this place.
 E = Time spent auto-exploring this place.
 F = Levels seen in this place.
 G = Mean time per level.
                   A        B        C        D        E       F      G
               +--------+--------+--------+--------+--------+-----+--------+
         Total |   1963 |   1946 |     17 |     26 |   1615 |   4 |  490.8 |
       Dungeon |   1859 |   1842 |     17 |      2 |   1560 |   3 |  619.7 |
         Sewer |    103 |    103 |      0 |     24 |     55 |   1 |  103.0 |
               +--------+--------+--------+--------+--------+-----+--------+

Top non-repeatable levels by time:
     D:2: 939 daAuts
     D:1: 874 daAuts
   Sewer: 103 daAuts
     D:3: 45 daAuts
